 Dungeon Crawl Stone Soup version 0.22-a0-113-gdd6f4a9 (webtiles) character file.

10 Monsterracer the Magician (level 2, 0/16 HPs)
             Began as a Deep Elf Wizard on Jan 28, 2018.
             Slain by a bat (1 damage)
             ... on level 1 of the Dungeon.
             The game lasted 00:00:54 (686 turns).

Monsterracer the Magician (Deep Elf Wizard)          Turns: 686, Time: 00:00:55

Health: 0/16       AC:  2    Str:  4    XL:     2   Next: 10%
Magic:  9/9        EV: 13    Int: 22    God:
Gold:   10         SH:  0    Dex: 13    Spells: 8/9 levels left

rFire    . . .     SeeInvis .   f - +0 dagger
rCold    . . .     Gourm    .   (no shield)
rNeg     . . .     Faith    .   a - +0 robe
rPois    .         Spirit   .   b - +0 hat
rElec    .         Reflect  .   (no cloak)
rCorr    .         Harm     .   (no gloves)
MR       .....                  (no boots)
Stlth    ++........             (no amulet)
HPRegen  0.05/turn              (no ring)
MPRegen  0.11/turn              (no ring)

@: no status effects
A: no striking features
a: no special abilities


You were on level 1 of the Dungeon.
You were not hungry.

You visited 1 branch of the dungeon, and saw 1 of its levels.

You collected 10 gold pieces.

Inventory:

Hand Weapons
 f - a +0 dagger (weapon)
Armour
 a - a +0 robe (worn)
 b - a +0 hat (worn)
Potions
 e - a potion of flight {unknown}
 g - 2 potions of cancellation {unknown}
Books
 c - a book of Minor Magic

   Spells                             Type                      Level
   a - Magic Dart                     Conjuration                  1
   b - Blink                          Translocation                2
   c - Call Imp                       Summoning                    2
   d - Slow                           Hexes                        2
   e - Conjure Flame                  Conjuration/Fire             3
   f - Mephitic Cloud                 Conjuration/Poison/Air       3
Comestibles
 d - 2 rations


   Skills:
 - Level 0.7 Fighting
 + Level 1.0 Short Blades
 - Level 2.6 Dodging
 - Level 2.4 Stealth
 - Level 4.4 Spellcasting
 - Level 1.1 Conjurations
   Level 1.1 Summonings
   Level 1.1 Translocations


You had 8 spell levels left.
You knew the following spells:

 Your Spells              Type           Power        Failure   Level  Hunger
a - Magic Dart            Conj           #...         7%          1    None


Dungeon Overview and Level Annotations

Branches:
Dungeon (1/15)

Altars:


Message History

You see here 14 stones.
g - 2 grey potions
Found a robe and 8 stones.
A rat and a goblin come into view.
The goblin moves out of view.
A rat is nearby!
A bat comes into view.
The rat barely misses you.
You hit the rat.
You kill the rat!
You barely miss the goblin. The goblin hits you with a dagger.
You take 4 damage, and have 12/16 hp.
MASSIVE DAMAGE!!
You are too injured to fight recklessly!
You are too injured to fight recklessly!
You closely miss the goblin. The goblin hits you with a dagger.
You take 1 damage, and have 11/16 hp.
You miss the goblin. The goblin barely misses you.
You hit the goblin.
The goblin is moderately wounded.
The goblin closely misses you.
You closely miss the goblin.
The goblin is moderately wounded.
The goblin hits you with a dagger.
* * * LOW HITPOINT WARNING * * *
You take 4 damage, and have 8/16 hp.
MASSIVE DAMAGE!!
You hit the goblin.
You kill the goblin!
Your Short Blades skill increases to level 1!
A bat is nearby!
A bat is nearby!
You start resting.
HP restored.
Health restored: 16 A leopard gecko comes into view.
You see here a dagger.
A hobgoblin comes into view.
Found an escape hatch in the floor.
A kobold comes into view.
The leopard gecko bites you.
Found a scroll labeled KARREIFROF.
You take 2 damage, and have 14/16 hp.
You barely miss the leopard gecko.
The hobgoblin shouts!
The leopard gecko barely misses you. The bat misses you.
The bat hits you but does no damage. The bat completely misses you.
You see here a dagger.
The bat closely misses you. The bat hits you but does no damage.
The bat hits you. The bat misses you.
You take 1 damage, and have 13/16 hp.
The bat closely misses you. The bat misses you.
The bat hits you but does no damage. The bat completely misses you.
A dart slug comes into view.
The bat closely misses you. The bat hits you but does no damage.
The bat hits you but does no damage. The dart slug launches a dart at you.
The slug dart hits you!
You take 4 damage, and have 9/16 hp.
MASSIVE DAMAGE!!
The bat hits you.
* * * LOW HITPOINT WARNING * * *
You take 1 damage, and have 8/16 hp.
The bat barely misses you.
Found a ration.
The bat hits you.
* * * LOW HITPOINT WARNING * * *
The bat closely misses you. The dart slug bites you.
* * * LOW HITPOINT WARNING * * *
Found 13 stones.
You take 3 damage, and have 5/16 hp.
The bat hits you but does no damage. The bat misses you. The bat misses you.
The bat barely misses you. The bat misses you.
The bat hits you but does no damage.
You see here a ration.
d - 2 rations (gained 1)
The bat hits you but does no damage. The bat misses you.
The bat barely misses you. The bat barely misses you.
The bat hits you but does no damage.
A goblin comes into view. It is wielding a dagger.
The bat barely misses you.
A bat comes into view.
The bat hits you.
* * * LOW HITPOINT WARNING * * *
The bat barely misses you.
You take 1 damage, and have 4/16 hp.
The bat hits you but does no damage.
Are you sure you want to abandon this character and quit the game? (Confirm with "yes".)
Okay, then.
The bat barely misses you. The bat closely misses you.
The goblin hits you with a dagger.
* * * LOW HITPOINT WARNING * * *
You take 3 damage, and have 1/16 hp.
Found 5 gold pieces.
There is an escape hatch in the floor here.
Really go through this one-way escape hatch?
The bat hits you but does no damage. The bat hits you.
You die...

.. ..# .# #.# #.#
.. #.########.## #$
#.......wg..# #.
#K#.#######.# #.
#.#.# # #.# #.
##.#.#.## #l#
#?##l......# #.#
#.@bg.(.#.## #g#
####...[### #.#
.........#####.#
#..........)....#
#...b.....#.#######
###....####.....(.#
#....# #######..
#....# #.... #.##
#.###


You could see a leopard gecko, a goblin and a bat.

Vanquished Creatures
  A dart slug (D:1)
  2 bats (D:1)
  2 goblins (D:1)
  A frilled lizard (D:1)
  2 rats (D:1)
8 creatures vanquished.

Notes
Turn   | Place    | Note
-------+----------+-------------------------------------------
     0 | D:1      | Monsterracer the Deep Elf Wizard began the quest for the Orb.
     0 | D:1      | Reached XP level 1. HP: 10/10 MP: 7/7
    25 | D:1      | HP: 5/10 [dart slug (2)]
   392 | D:1      | Reached XP level 2. HP: 12/16 MP: 9/9
   491 | D:1      | HP: 8/16 [goblin/dagger (4)]
   492 | D:1      | Reached skill level 1 in Short Blades
   668 | D:1      | HP: 8/16 [bat (1)]
   681 | D:1      | HP: 4/16 [bat (1)]
   684 | D:1      | HP: 1/16 [goblin/dagger (3)]
   686 | D:1      | Slain by a bat

Vault maps used:
D:1:      dpeg_arrival_rooms_c

Skill      XL: |  1  2 |
---------------+-------+-----
Short Blades   | 1 |  1.0
Fighting       | |  0.7
Dodging        | |  2.6
Stealth        | |  2.4
Spellcasting   | |  4.4
Conjurations   | |  1.1
Summonings     | |  1.1
Translocations | |  1.1

Action                   || total
-------------------------++-------
Melee: Unarmed           ||    30
       Dagger            ||    25
Armor: Robe              ||    25
Dodge: Dodged            ||    61

Table legend:
 A = Spawn XP
 B = Non-spawn XP
 C = Spawn XP percentage of total XP
 D = Spawn monster count
 E = Non-spawn monster count
 F = Spawn count percentage of total count
 G = Total turns spent on level
                    A         B        C        D         E        F      G
               +---------+---------+-------+---------+---------+-------+---------
         Total |       0 |      15 |   0.0 |       0 |       8 |   0.0 |   686
               +---------+---------+-------+---------+---------+-------+---------
           D:1 |       0 |      15 |   0.0 |       0 |       8 |   0.0 |   686
               +---------+---------+-------+---------+---------+-------+---------

Vault maps used:
D:1:      dpeg_arrival_rooms_c
